 Dungeon Crawl Stone Soup version 0.30-b1-2-g02819fbbbe (webtiles) character file.

Game seed: 7730522582799807176

10 Alarkh the Charlatan (level 2, 13/22 HPs)
             Began as a Demonspawn Artificer on Nov 26, 2023.
             Got out of the dungeon alive.
             The game lasted 00:00:22 (144 turns).

Alarkh the Charlatan (Demonspawn Artificer)          Turns: 144, Time: 00:00:22

Health: 13/22      AC:  3    Str: 12    XL:     2   Next: 10%
Magic:  2/2        EV: 11    Int: 12    God:
Gold:   0          SH:  0    Dex: 13    Spells: 1/1 levels left

rFire   . . .        a - +0 dagger
rCold   . . .        (no shield)
rNeg    . . .        b - +0 leather armour
rPois   .            (no helmet)
rElec   .            (no cloak)
rCorr   .            (no gloves)
SInv    .            (no boots)
Will    .....        (no amulet)
Stlth   +            (no ring)
HPRegen 0.23/turn    (no ring)
MPRegen 0.08/turn

%: no passive effects
@: no status effects
A: hooves 1
a: no special abilities


You escaped.
You visited 1 branch of the dungeon, and saw 1 of its levels.

Inventory:

Hand Weapons
 a - a +0 dagger (weapon)
Armour
 b - a +0 leather armour (worn)
Wands
 c - a wand of flame (11) (quivered)
 d - a wand of charming (15)
 e - a wand of iceblast (5)


   Skills:
 + Level 2.2 Fighting
 - Level 1.7 Armour
 - Level 0.8 Dodging
 - Level 0.8 Stealth
 - Level 3.0 Evocations


You had one spell level left.
You didn't know any spells.
Your spell library was empty.

Dungeon Overview and Level Annotations

Branches:
Dungeon (1/15)

Altars:


Innate Abilities, Weirdness & Mutations

You have large cloven feet.


Message History

You are too injured to fight recklessly!
You are too injured to fight recklessly!
The rat attacks as you move away! The rat bites you.
The kobold attacks as you move away! The kobold hits you with a +0 club.
* * * LOW HITPOINT WARNING * * *
The kobold attacks as you move away! The kobold barely misses you.
You see here a +0 club.
The rat attacks as you move away! The rat completely misses you.
The kobold attacks as you move away! The kobold misses you.
Things that are here:
a +0 club; a goblin corpse You hit the kobold.
The kobold is moderately wounded.
The kobold closely misses you.
You closely miss the kobold.
The kobold is moderately wounded.
The kobold barely misses you.
Aiming: Throw Flame
Press: ? - help, Shift-Dir - straight line, f - kobold
Aim: a kobold, wielding a +0 club (moderately wounded, 64% to hit)
The puff of flame hits the kobold!
You kill the kobold!
You have reached level 2!
Your demonic ancestry asserts itself...
Your feet thicken and deform.
Aiming: Throw Flame
Press: ? - help, Shift-Dir - straight line, f - rat
Aim: a rat (heavily wounded, 71% to hit)
The puff of flame hits the rat.
You kill the rat!
Aiming: Throw Flame
Press: ? - help, Shift-Dir - straight line, f - hobgoblin
Aim: a hobgoblin (71% to hit)
The puff of flame hits the hobgoblin.
You kill the hobgoblin!
Things that are here:
a +0 club; a goblin corpse
There is a staircase leading out of the dungeon here.
Are you sure you want to leave the Dungeon?
This will make you lose the game!
You have escaped!

....... .......... ..
.......... ... ####
##.........
...###...#####..........
...........# ...........
...........###..........
###...###...#...........
#......@#...............
#.......#...............
...........#............
....#......#......)#####
...........#.....#..####
#.......#...............
#>......#...#######.....
###...###...# ######
..... ...## #


There were no monsters in sight!

Vanquished Creatures
  An endoplasm (D:1)
  A giant cockroach (D:1)
  3 goblins (D:1)
  A hobgoblin (D:1)
  A kobold (D:1)
  A rat (D:1)
8 creatures vanquished.

Notes
Turn   | Place    | Note
-------+----------+-------------------------------------------
     0 | D:1      | Alarkh the Demonspawn Artificer began the quest for the
                  | Orb.
     0 | D:1      | Reached XP level 1. HP: 15/15 MP: 1/1
   118 | D:1      | Gained mutation: You have large cloven feet. [demonic
                  | ancestry]
   118 | D:1      | Reached XP level 2. HP: 7/22 MP: 2/2
   144 | D:$      | Got out of the dungeon alive.

Illustrated notes

Levels and vault maps discovered:
D:1:      minmay_arrival_open_corners, layout_rooms, serial_bayou,
          serial_bayou_shore_b, serial_bayou_shore_b, serial_bayou_pond_c,
          serial_bayou_shore_b, nicolae_titane

Skill      XL: |  1 |
---------------+----+-----
Fighting       | 2 |  2.2
Armour         | |  1.7
Dodging        | |  0.8
Stealth        | |  0.8
Evocations     | |  3.0

Action                     || total
---------------------------++-------
  Melee: Club              ||    13
         Dagger            ||     9
  Evoke: Wand              ||     4
 Armour: Leather armour    ||     4
  Dodge: Dodged            ||    18
